 Dungeon Crawl Stone Soup version 0.27-a0-1147-gb3d8e82157 (webtiles) character file.

Game seed: 2957910747956931595

7 Azzok the Chopper (level 1, -2/27 HPs)
             Began as a Demonspawn Berserker on May 11, 2021.
             Was a Follower of Trog.
             Slain by a quokka (3 damage)
             ... on level 2 of the Dungeon.
             The game lasted 00:00:26 (284 turns).

Azzok the Chopper (Demonspawn Berserker)             Turns: 284, Time: 00:00:26

Health: -2/27      AC:  2    Str: 17    XL:     1   Next: 91%
Magic:  1/1        EV: 12    Int:  8    God:    Trog [*.....]
Gold:   26         SH:  0    Dex: 12    Spells: 0/0 levels left

rFire    . . .     SeeInvis .   a - +0 hand axe
rCold    . . .     Faith    .   (no shield)
rNeg     . . .     Spirit   .   b - +0 animal skin
rPois    .         Reflect  .   (no helmet)
rElec    .         Harm     .   (no cloak)
rCorr    .         Rampage  .   (no gloves)
Will     .....                  (no boots)
Stlth    ..........             (no amulet)
HPRegen  0.09/turn              (no ring)
MPRegen  0.07/turn              (no ring)

@: berserking, very quick
A: no striking features
a: Renounce Religion, Berserk


You were on level 2 of the Dungeon.
You worshipped Trog.
Trog was aware of your devotion.
You visited 1 branch of the dungeon, and saw 2 of its levels.

You collected 26 gold pieces.

Inventory:

Hand Weapons
 a - a +0 hand axe (weapon)
Armour
 b - a +0 animal skin (worn)
Scrolls
 d - a scroll of noise {unknown}
Potions
 c - a potion of curing {unknown}


   Skills:
 - Level 3.0 Fighting
 + Level 3.2 Axes
 - Level 1.7 Armour
 - Level 1.7 Dodging


You couldn't memorise any spells.
You didn't know any spells.
Your spell library was empty.

Dungeon Overview and Level Annotations

Branches:
Dungeon (2/15)

Altars:


Message History

Trog accepts your kill.
You barely miss the quokka. The quokka bites you. x2
You see here a ball python corpse.
You barely miss the quokka.
The quokka is severely wounded.
You hit the kobold but do no damage. The quokka bites you.
The kobold misses you.
You hit the quokka.
The quokka is severely wounded.
You closely miss the kobold. The quokka bites you.
* * * LOW HITPOINT WARNING * * *
A gnoll comes into view. It is wielding a +0 whip.
The kobold barely misses you. The quokka barely misses you.
You barely miss the quokka.
The quokka is severely wounded.
The gnoll shouts!
You hit the kobold.
You kill the kobold!
Trog accepts your kill. The quokka misses you. The quokka barely misses you.
The quokka closely misses you. The quokka closely misses you.
The quokka barely misses you. The gnoll misses you.
The quokka completely misses you. The gnoll barely misses you.
There is a stone staircase leading down here.
The quokka barely misses you. The quokka barely misses you.
The quokka bites you.
* * * LOW HITPOINT WARNING * * *
The quokka misses you.
There is a stone staircase leading down here.
The quokka bites you.
* * * LOW HITPOINT WARNING * * *
You climb downwards.
There is a stone staircase leading up here.
A red film seems to cover your vision as you go berserk!
You feel yourself moving faster!
You feel mighty! The quokka misses you. The quokka bites you.
You die...

▒▒▒
··▒
▒·▒
▒·▒
▒·▒
▒r▒
▒@▒
▒·▒
··▒
·▒·▒
·····
▒▒
▒·▒
▒·▒
▒·▒


You could see a quokka.

Vanquished Creatures
  A goblin (D:1)
  A hobgoblin (D:1)
  A quokka (D:1)
  A ball python (D:1)
  A bat (D:1)
  A kobold (D:1)
  2 rats (D:1)
8 creatures vanquished.

Notes
Turn   | Place    | Note
-------+----------+-------------------------------------------
     0 | D:1      | Azzok the Demonspawn Berserker began the quest for the Orb.
     0 | D:1      | Reached XP level 1. HP: 18/18 MP: 1/1
   239 | D:1      | Found Noxiehosa's Weapon Shop.
   284 | D:2      | Slain by a quokka

Illustrated notes

Levels and vault maps discovered:
D:1:      giann_horns, layout_rooms, serial_rivers,
          chequers_serial_rivers_micro_b, chequers_serial_rivers_marsh,
          chequers_serial_rivers_micro_b, chequers_serial_rivers_small_b,
          chequers_serial_rivers_large_a, chequers_serial_rivers_micro_e,
          serial_shops, shop, shapermc_ecumenical_altar_mp_highgroup,
          minmay_misc_feat_pillars, serial_park_tiny_pond, minmay_hedge_maze
D:2:      layout_basic

Skill      XL: |  1 |
---------------+----+-----
Axes           | 3 |  3.2
Fighting       | |  3.0
Armour         | |  1.7
Dodging        | |  1.7

Action                   || total
-------------------------++-------
Melee: Hand axe          ||    23
Invok: Berserk           ||     1
Armor: Animal skin       ||     8
Dodge: Dodged            ||    25

Table legend: (Time is in decaauts)
 A = Elapsed time spent in this place.
 B = Non-inter-level travel time spent in this place.
 C = Inter-level travel time spent in this place.
 D = Time resting spent in this place.
 E = Time spent auto-exploring this place.
 F = Levels seen in this place.
 G = Mean time per level.
                   A        B        C        D        E       F      G
               +--------+--------+--------+--------+--------+-----+--------+
         Total |    287 |    287 |      0 |      0 |    199 |   2 |  143.5 |
       Dungeon |    287 |    287 |      0 |      0 |    199 |   2 |  143.5 |
               +--------+--------+--------+--------+--------+-----+--------+

Top non-repeatable levels by time:
     D:1: 286 daAuts
     D:2: 0 daAuts
